 Dungeon Crawl Stone Soup version 0.24-a0-139-geb6712d (webtiles) character file.

Game seed: 2908471878069793554

359 Gorice the Cutter (level 6, -3/40 HPs)
             Began as a Kobold Artificer on Mar 2, 2019.
             Slain by Edmund
             ... wielding a +1 flail of holy wrath
              (5 damage)
             ... on level 4 of the Dungeon.
             The game lasted 00:15:59 (4342 turns).

Gorice the Cutter (Kobold Artificer)                Turns: 4342, Time: 00:16:00

Health: -3/40      AC: 10    Str: 12    XL:     6   Next: 97%
Magic:  0/8        EV: 19    Int: 12    God:
Gold:   265        SH:  0    Dex: 20    Spells: 5/5 levels left

rFire    . . .     SeeInvis .   z - -3 dagger (curse)
rCold    . . .     Gourm    .   (shield restricted)
rNeg     . . .     Faith    .   J - +0 ring mail (curse)
rPois    .         Spirit   +   (no helmet)
rElec    .         Reflect  .   j - +2 cloak
rCorr    .         Harm     .   o - +0 pair of gloves
MR       .....     Rnd*Tele +   F - +0 pair of boots
Stlth    +++.......             p - amulet of guardian spirit
HPRegen  0.13/turn              g - ring of teleportation (curse)
MPRegen  0.11/turn              (no ring)

@: agile
A: small, carnivore
a: no special abilities


You were on level 4 of the Dungeon.
You were very full.

You visited 1 branch of the dungeon, and saw 4 of its levels.

You collected 265 gold pieces.

Inventory:

Hand Weapons
 a - a +1 short sword
 b - a +0 hunting sling
 c - a +0 dagger
 y - a +0 falchion
 z - a cursed -3 dagger (weapon)
 A - a +3 morningstar
Missiles
 v - 6 tomahawks of returning (quivered)
 B - 13 sling bullets
 Y - 95 stones
Armour
 j - a +2 cloak (worn)
 m - a +0 chain mail
 n - a +0 ring mail
 o - a +0 pair of gloves (worn)
 t - a +0 leather armour
 C - a cursed -1 scale mail
 F - a +0 pair of boots (worn)
 J - a cursed +0 ring mail (worn)
Jewellery
 g - a cursed ring of teleportation (left hand)
 p - an amulet of guardian spirit (around neck)
 r - an uncursed ring of protection from magic
 D - a +3 amulet of reflection {unknown}
 E - an uncursed amulet of rage {unknown}
 I - a cursed amulet of inaccuracy {unknown}
Wands
 d - a wand of enslavement (10)
 e - a wand of random effects (13)
 u - a wand of flame (6)
Scrolls
 i - 2 scrolls of teleportation {!r}
 w - a scroll of amnesia
 x - a scroll of fear {!r}
 G - a scroll of enchant weapon
Potions
 h - a potion of flight {unknown}
 k - 5 potions of curing
 q - a potion of agility {!q}
 s - a potion of heal wounds {!q}
 H - a potion of haste {unknown}
Comestibles
 f - 9 rations


   Skills:
 + Level 5.0 Fighting
 + Level 6.0 Short Blades
 - Level 2.4 Dodging
 - Level 2.0 Stealth
 - Level 3.6 Evocations


You had 5 spell levels left.
You didn't know any spells.
Your spell library was empty.

Dungeon Overview and Level Annotations

Branches:
Dungeon (4/15)
 Temple: D:4-7

Altars:

Annotations:
D:3 2 runed translucent doors, arkorax's ghost, amateur BaFi
D:4 Edmund


Innate Abilities, Weirdness & Mutations

You are small and have problems with some larger weapons.
You are carnivorous and can eat meat at any time.


Message History

Aiming: Throw Flame
Press: ? - help, Shift-Dir - straight line, f/p - Edmund
Aim: Edmund, wielding a +1 flail of holy wrath and wearing a cursed +0 ring mail (heavily wounded, fast)
The puff of flame hits Edmund.
Edmund is severely wounded.
Edmund hits you with a +1 flail of holy wrath.
* * * LOW HITPOINT WARNING * * *
Your quokka bites Edmund.
Damage: 3 (max 9) There's nothing to close nearby.
Evoke which item? (* to show all) (? for menu, Esc to quit)
Aiming: Throw Flame
Press: ? - help, Shift-Dir - straight line, f/p - Edmund
Aim: Edmund, wielding a +1 flail of holy wrath and wearing a cursed +0 ring mail (severely wounded, fast)
The puff of flame hits Edmund.
Edmund is severely wounded.
Edmund barely misses you.
Your quokka barely misses Edmund.
Evoke which item? (* to show all) (? for menu, Esc to quit)
Aiming: Throw Flame
Press: ? - help, Shift-Dir - straight line, f/p - Edmund
Aim: Edmund, wielding a +1 flail of holy wrath and wearing a cursed +0 ring mail (severely wounded, fast)
The puff of flame misses Edmund.
Edmund completely misses you.
Your quokka bites Edmund.
Edmund hits you but does no damage.
Evoke which item? (* to show all) (? for menu, Esc to quit)
Aiming: Throw Flame
Press: ? - help, Shift-Dir - straight line, f/p - Edmund
Aim: Edmund, wielding a +1 flail of holy wrath and wearing a cursed +0 ring mail (severely wounded, fast)
The puff of flame misses Edmund.
Your quokka closely misses Edmund.
Edmund hits you with a +1 flail of holy wrath!
* * * LOW HITPOINT WARNING * * *
Your quokka misses Edmund.
Damage: 6 (max 9) Unknown command.
Evoke which item? (* to show all) (? for menu, Esc to quit)
Aiming: Throw Flame
Press: ? - help, Shift-Dir - straight line, f/p - Edmund
Aim: Edmund, wielding a +1 flail of holy wrath and wearing a cursed +0 ring mail (severely wounded, fast)
The puff of flame hits Edmund.
Edmund is almost dead.
Edmund drinks a potion.
Edmund is healed!
Your quokka bites Edmund but does no damage.
There's nothing to close nearby.
Evoke which item? (* to show all) (? for menu, Esc to quit)
Aiming: Random Effects
Press: ? - help, Shift-Dir - straight line, f/p - Edmund
Aim: Edmund, wielding a +1 flail of holy wrath and wearing a cursed +0 ring mail (heavily wounded, fast)
The bolt of poison hits Edmund!
Edmund is poisoned.
Edmund is almost dead.
Edmund hits you with a +1 flail of holy wrath.
You die...

##..###..# ##..##
#..# #..## ##..####
##.## #......#####
##..#
##..........####
###..###
#..............###
.......#
#................###
.......#
#..................#
.......#
#......@@r.......###
.......#
#...............##
.......#
#............####
.......#
##.........###
.....<## ####.######
..##### ##.# . ###
#.############## .
###
#.##...........###.
..####
###..................


You could see Edmund and a friendly quokka.

Vanquished Creatures
  A hound (D:4)
  2 jellies
  An orc priest (D:3)
  Jessica (D:3)
  7 adders
  10 oozes
  A worm (D:2)
  2 dart slugs
  4 leopard geckos
  5 orcs
  10 bats
  5 giant cockroaches
  8 goblins
  5 hobgoblins
  A quokka (D:3)
  15 kobolds
  A quokka skeleton (D:4)
  3 rats
82 creatures vanquished.

Vanquished Creatures (others)
  A jelly (D:2)
  An orc (D:3)
  8 fungi (D:2)
  4 toadstools (D:2)
14 creatures vanquished.

Grand Total: 96 creatures vanquished

Notes
Turn   | Place    | Note
-------+----------+-------------------------------------------
     0 | D:1      | Gorice the Kobold Artificer began the quest for the Orb.
     0 | D:1      | Reached XP level 1. HP: 12/12 MP: 3/3
   109 | D:1      | Reached XP level 2. HP: 8/16 MP: 4/4
   282 | D:1      | Reached skill level 2 in Stealth
   285 | D:1      | Reached skill level 2 in Short Blades
   680 | D:1      | Reached skill level 2 in Fighting
   731 | D:1      | Reached XP level 3. HP: 16/21 MP: 5/5
  1264 | D:2      | Reached skill level 3 in Short Blades
  1433 | D:2      | Reached XP level 4. HP: 25/27 MP: 6/6
  1652 | D:2      | Reached skill level 3 in Fighting
  1968 | D:2      | Reached skill level 4 in Short Blades
  1968 | D:2      | Reached XP level 5. HP: 13/32 MP: 3/7
  2228 | D:2      | Reached skill level 4 in Fighting
  2434 | D:3      | Noticed Jessica
  2457 | D:2      | Reached skill level 5 in Short Blades
  2457 | D:2      | Reached XP level 6. HP: 33/38 MP: 8/8
  2698 | D:3      | Killed Jessica
  3039 | D:3      | Found a large runed translucent door.
  3039 | D:3      | Found a large runed translucent door.
  3040 | D:3      | Noticed arkorax's ghost (amateur BaFi)
  3092 | D:3      | HP: 3/39 [orc priest/divine providence (10)]
  3094 | D:3      | HP: 1/39 [quokka (2)]
  3976 | D:4      | Reached skill level 5 in Fighting
  3976 | D:4      | Reached skill level 6 in Short Blades
  4284 | D:4      | Noticed Edmund
  4328 | D:4      | HP: 7/40 [Edmund/+1 flail of holy wrath (7)]
  4331 | D:4      | HP: 2/40 [Edmund/+1 flail of holy wrath (3)]
  4337 | D:4      | HP: 8/40 [Edmund/+1 flail of holy wrath (3)]
  4340 | D:4      | HP: 2/40 [Edmund/+1 flail of holy wrath (7)]
  4342 | D:4      | Slain by Edmund

Levels and vault maps discovered:
D:1:      mrwooster_arrival_statue_3, layout_loops_ring
D:2:      cheibrodos_fertilizer, layout_loops_ring, minmay_misc_feat_iff
D:3:      layout_basic, ebering_ghost_disaster_area, uniq_jessica
D:4:      layout_cave_pods, uniq_edmund

Skill      XL: |  1  2  3  4  5  6 |
---------------+-------------------+-----
Stealth        | 2 |  2.0
Short Blades   | 2 3 4 5 6 |  6.0
Fighting       | 2 3 4 5 |  5.0
Dodging        | |  2.4
Evocations     | |  3.6

Action                   |  1- 3 |  4- 6 || total
-------------------------+-------+-------++-------
Melee: Short sword       |   115 |   273 ||   388
       Dagger            |       |   151 ||   151
 Fire: Hunting sling     |       |    22 ||    22
Throw: Stone             |       |     5 ||     5
       Tomahawk          |       |     1 ||     1
Evoke: Wand              |       |    16 ||    16
  Use: Scroll            |     5 |     7 ||    12
       Potion            |       |     3 ||     3
 Stab: Sleeping          |     1 |     1 ||     2
  Eat: Chunk             |    10 |     9 ||    19
Armor: Leather armour    |    16 |       ||    16
       Scale mail        |    11 |       ||    11
       Ring mail         |    11 |   133 ||   144
Dodge: Dodged            |    87 |   257 ||   344

Table legend:
 A = Non-vault XP
 B = Vault XP
 C = Vault XP percentage of total XP
 D = Non-vault monster count
 E = Vault monster count
 F = Vault count percentage of total count
                 A         B        C        D         E       F
            +---------+---------+-------+---------+---------+-------
      Total |     286 |     227 |  44.2 |      62 |      21 |  25.3
            +---------+---------+-------+---------+---------+-------
        D:1 |      36 |       0 |   0.0 |      16 |       0 |   0.0
        D:2 |      87 |     141 |  61.8 |      24 |      19 |  44.2
        D:3 |      92 |      86 |  48.3 |      15 |       2 |  11.8
        D:4 |      71 |       0 |   0.0 |       7 |       0 |   0.0
            +---------+---------+-------+---------+---------+-------

Table legend:
 A = Turns spent in this place as a percentage of turns spent in the entire game.
 B = Non-inter-level travel turns spent in this place as a percentage of non-inter-level travel turns spent in the entire game.
 C = Inter-level travel turns spent in this place as a percentage of turns spent in this place.
 D = Turns resting spent in this place as a percentage of non-inter-level travel turns spent in this place.
 E = Turns spent auto-exploring this place as a percentage of non-inter-level travel turns spent in this place.
 F = Non-inter-level travel turns spent in this place divided by the number of levels of this place that you've seen.
                   A       B       C       D       E      F
               +-------+-------+-------+-------+-------+----------------------
         Total | 100.0 | 100.0 |   2.3 |  27.5 |  36.6 | 1060.8
       Dungeon | 100.0 | 100.0 |   2.3 |  27.5 |  36.6 | 1060.8
               +-------+-------+-------+-------+-------+----------------------

Levels and vault maps discovered:
D:1:      mrwooster_arrival_statue_3, layout_loops_ring
D:2:      cheibrodos_fertilizer, layout_loops_ring, minmay_misc_feat_iff
D:3:      layout_basic, ebering_ghost_disaster_area, uniq_jessica
D:4:      layout_cave_pods, uniq_edmund
